AoeStats
← Mirku

Oasis

510232536Analyzed
4v4 RM · 2d ago on Sep 30, 2026· 58m 39s· 8 players
Game mode
Random Map
Map size
Large (8 player)
Population
200
Speed
Normal
Resources
Standard
Victory
Conquest
Starting age
Dark Age
Ending age
Imperial Age
RankedLock teamsTeams togetherTeam positionsShared explorationLock speedFull tech treeHidden civsTurbo modeCheats
Victory
Defeat
🇨🇦 Vietnamese · Canada
985
+13
🇨🇦 Danes · Canada
984
+13
🇨🇦 Lithuanians · Canada
963
+14
🇨🇦 Franks · Canada
873
+19
🇲🇽 Koreans · Mexico
965
-16
🇨🇳 Khitans · China
923
-15
🇵🇪 Khmer · Peru
918
-15
🇨🇦 Spanish · Canada
884
-13
viquezug
10:33 Loom
12:52 Feudal Age
13:03 Feudal Age
15:08 Wheelbarrow
14:21 Double-Bit Axe
14:17 Horse Collar
19:26 Stone Mining
21:32 Town Watch
25:57 Castle Age
27:34 Hand Cart
28:11 Town Patrol
29:53 Fortified Wall
30:18 Bow Saw
30:17 Heavy Plow
35:59 Caravan
36:08 Gold Mining
36:44 Scale Barding Armor
39:47 Imperial Age
38:20 Fletching
38:54 Chain Barding Armor
40:50 Bloodlines
41:33 Forging
42:00 Plate Barding Armor
41:33 Husbandry
42:56 Chemistry
42:33 Conscription
41:56 Cavalier
44:55 Ballistics
46:07 Two-Man Saw
45:08 Paladin
47:25 Iron Casting
50:33 Bombard Tower
50:29 Bodkin Arrow
51:02 Elite Conquistador
INK | Royal Prestige
1:48 Loom
11:07 Feudal Age
11:53 Horse Collar
14:01 Double-Bit Axe
16:34 Wheelbarrow
20:35 Castle Age
19:35 Stone Mining
19:58 Gold Mining
26:33 Heavy Plow
28:08 Stone Shaft Mining
29:40 Town Watch
29:48 Fletching
30:53 Bow Saw
30:56 Treadmill Crane
32:00 Gold Shaft Mining
33:18 Hand Cart
39:29 Imperial Age
36:57 Bodkin Arrow
39:25 Ballistics
39:39 Husbandry
39:55 Forging
39:45 Scale Mail Armor
39:49 Squires
41:48 Two-Man Saw
40:50 Town Patrol
41:12 Conscription
42:21 Shinkichon
41:31 Pikeman
41:57 Light Cavalry
43:48 Chemistry
42:33 Halberdier
43:31 Chain Mail Armor
43:42 Arson
44:55 Elite Fire Lancer
47:25 Bracer
48:01 Iron Casting
47:56 Plate Mail Armor
47:24 Elite War Wagon
war_xtreme
0:45 Loom
16:56 Feudal Age
22:26 Castle Age
20:52 Padded Archer Armor
20:42 Fletching
21:15 Fletching
22:17 Double-Bit Axe
22:40 Gold Mining
23:00 Stone Mining
25:40 Leather Archer Armor
26:33 Bow Saw
29:18 Bodkin Arrow
29:19 Horse Collar
30:39 Gold Shaft Mining
35:29 Ballistics
37:00 Caravan
37:58 Tusk Swords
39:16 Wheelbarrow
39:50 Scale Barding Armor
39:42 Light Cavalry
40:33 Bloodlines
41:15 Stone Shaft Mining
41:08 Husbandry
42:23 Chain Barding Armor
42:19 Town Watch
43:25 Scale Mail Armor
45:02 Chain Mail Armor
44:58 Forging
yulonglaile
0:28 Loom
12:37 Feudal Age
13:46 Double-Bit Axe
13:42 Domestication
21:50 Castle Age
20:50 Gold Mining
20:51 Stone Mining
24:49 Stone Shaft Mining
25:36 Caravan
27:07 Bow Saw
27:22 Pastoralism
Mirku
5:36 Loom
11:38 Feudal Age
19:38 Castle Age
17:51 Double-Bit Axe
22:39 Bow Saw
22:24 Gold Mining
22:28 Stone Mining
24:04 Wheelbarrow
27:42 Hand Cart
28:20 Gold Shaft Mining
30:51 Forging
30:46 Scale Barding Armor
33:57 Imperial Age
34:23 Cavalier
37:18 Caravan
38:02 Iron Casting
37:48 Chain Barding Armor
37:19 Fletching
37:29 Padded Archer Armor
37:01 Paladin
37:44 Husbandry
39:50 Blast Furnace
40:22 Plate Barding Armor
39:14 Elite Skirmisher
45:20 Imperial Skirmisher
Leeoku
4:02 Loom
13:52 Feudal Age
14:17 Double-Bit Axe
22:05 Castle Age
19:48 Horse Collar
20:47 Gold Mining
23:40 Heavy Plow
23:50 Bow Saw
29:48 Wheelbarrow
32:44 Imperial Age
30:27 Fletching
32:04 Bodkin Arrow
31:33 Crossbowman
32:39 Stone Mining
33:32 Bracer
34:16 Ballistics
34:57 Chemistry
34:53 Padded Archer Armor
34:28 Arbalester
36:24 Hand Cart
36:05 Town Watch
37:30 Crop Rotation
38:10 Paper Money
39:16 Masonry
39:30 Pikeman
40:37 Forging
41:08 Scale Mail Armor
40:31 Halberdier
41:30 Squires
42:09 Iron Casting
42:36 Siege Engineers
42:43 Thumb Ring
42:57 Leather Archer Armor
42:58 Chain Mail Armor
43:07 Murder Holes
44:21 Caravan
44:33 Guilds
44:53 Coinage
45:58 Plate Mail Armor
45:58 Ring Archer Armor
45:24 Elite Skirmisher
47:33 Two-Man Saw
47:27 Onager
47:49 Imperial Skirmisher
50:48 Elite Rattan Archer
51:28 Chatras
52:17 Scale Barding Armor
56:28 Banking
56:08 Arson
56:45 Chain Barding Armor
56:38 Bloodlines
56:29 Husbandry
55:50 Elite Battle Elephant
57:17 Hoardings
58:00 Town Patrol
59:08 Plate Barding Armor
58:17 Treadmill Crane
59:01 Bombard Tower
Cavil
4:22 Loom
8:32 Loom
10:18 Feudal Age
11:23 Double-Bit Axe
12:01 Man-at-Arms
15:06 Horse Collar
19:33 Castle Age
18:54 Fletching
19:21 Gold Mining
20:47 Elite Skirmisher
22:45 Bodkin Arrow
22:52 Scale Mail Armor
25:20 Arson
30:15 Wheelbarrow
33:25 Imperial Age
34:30 Conscription
33:33 Onager
35:08 Hand Cart
37:00 Siege Engineers
37:14 Bracer
37:50 Bow Saw
38:47 Northmen's Fury
40:04 Padded Archer Armor
40:18 Imperial Skirmisher
42:34 Chemistry
42:09 Siege Onager
46:03 Pikeman
49:06 Squires
48:40 Halberdier
50:52 Chain Mail Armor
50:48 Forging
55:44 Spies/Treason
56:49 Gambesons
Sinister Monster
9:28 Loom
11:17 Feudal Age
12:16 Double-Bit Axe
17:16 Castle Age
17:05 Gold Mining
22:13 Horse Collar
26:22 Heavy Plow
26:34 Bow Saw
28:54 Wheelbarrow
28:08 Town Watch
28:48 Scale Barding Armor
28:54 Forging
28:36 Fletching
29:13 Stone Mining
29:51 Chain Barding Armor
30:35 Bloodlines
30:25 Husbandry
31:20 Iron Casting
33:03 Hand Cart
37:58 Imperial Age
36:00 Padded Archer Armor
35:56 Bodkin Arrow
36:57 Caravan
37:28 Coinage
37:27 Ballistics
37:17 Masonry
37:03 Murder Holes
36:49 Treadmill Crane
38:25 Hill Forts
38:46 Leather Archer Armor
38:15 Elite Leitis
39:51 Plate Barding Armor
39:56 Conscription
40:33 Hoardings
40:49 Thumb Ring
42:24 Two-Man Saw
43:22 Tower Shields
43:33 Bracer
44:04 Ring Archer Armor
43:01 Elite Skirmisher
44:13 Imperial Skirmisher
45:36 Stone Shaft Mining
49:39 Banking
49:20 Guilds
50:23 Guilds
50:47 Banking
Connection lost

Rejoining the realm…

Still unreachable

The connection could not be restored.

Session expired

The server has moved on; the page needs a fresh start.